 Dungeon Crawl Stone Soup version 0.27-a0-972-gd1521fd518 (webtiles) character file.

Game seed: 6507459608776871966

626144 wakim the Slayer (level 27, -1/273 HPs)
             Began as a Minotaur Fighter on Apr 13, 2021.
             Was a High Priest of Ashenzari.
             Killed by the air
             ... invoked by a blizzard demon
             ... summoned by a dread lich
              (7 damage)
             ... on level 5 of the Realm of Zot.
             The game lasted 03:23:23 (81991 turns).

wakim the Slayer (Minotaur Fighter)                Turns: 81991, Time: 03:23:23

Health: -1/273     AC: 37    Str: 42      XL:     27
Magic:  1/23       EV:  5    Int:  9      God:    Ashenzari [*****.]
Gold:   8426       SH:  0    Dex:  8 (9)  Spells: 27/27 levels left

rFire    + + .     SeeInvis +   a - +9 demon whip of Supernal Understanding {elec, Range, Melee} (curse)
rCold    + + .     Faith    .   j - +2 shield of Resistance {rF++ rC++ Will++, Melee, Self} (curse)
rNeg     + + +     Spirit   .   o - +4 pearl dragon scales of the Sibylline Regret {rN+, Elem, Fort} (curse)
rPois    +         Reflect  +   p - +0 hat "Lashed Together" {Fort, Range} (curse)
rElec    +         Harm     .   d - +2 cloak "Perceptive Secrets" {Melee, Fort} (curse)
rCorr    .         Rampage  .   c - +2 pair of gloves "Overhang to Understand" {Stlth+, Fort, Self} (curse)
Will     ++++.     Clarity  +   B - +1 pair of boots of Desmomancy {Evo, Melee} (curse)
Stlth    ++........             f - amulet "Circumscribed Together" {Reflect Int+4 SH+5, Self, Fort} (curse)
HPRegen  0.55/turn              P - ring "Gnostic Augurer" {rElec rN++ Str+3 Int-3 SInv, Evo, Melee} (curse)
MPRegen  0.18/turn              k - ring "Suon" {Contam rPois rN++ Str+6 Int+3}

@: about to teleport, marked, held, constricted
A: horns 2, retaliatory headbutt, clumsy 1, deterioration 1
}: 3/15 runes: barnacled, silver, gossamer
a: Renounce Religion, Curse Item, Shatter the Chains


You were on level 5 of the Realm of Zot.
You worshipped Ashenzari.
Ashenzari was extremely pleased with you.
You visited 10 branches of the dungeon, and saw 50 of its levels.
You also visited: Trove, Gauntlet, Ice Cave, Volcano and Desolation.

You collected 9367 gold pieces.
You spent 941 gold pieces at shops.

Inventory:

Hand Weapons
 a - the cursed +9 demon whip of Supernal Understanding (weapon) {elec, Range, Melee}
   (You took it off an ironbound beastmaster on level 2 of the Vaults)

   Occasionally, upon striking a foe, it can discharge electrical energy and
   cause terrible harm.
   It has a curse which improves the following skills: Ranged Combat: Slings,
   Bows, Crossbows and Throwing.
   Melee Combat: Short Blades, Long Blades, Axes, Maces & Flails, Polearms,
   Staves and Unarmed Combat.
 n - a +0 vampiric eveningstar
Missiles
 b - 14 javelins
 e - 14 throwing nets {=f!f}
 g - 61 boomerangs (quivered)
 m - 79 silver javelins
Armour
 c - the cursed +2 pair of gloves "Overhang to Understand" (worn) {Stlth+, Fort, Self}
   (You bought it in a shop on level 9 of the Dungeon)

   It has a curse which improves the following skills: Fortitude: Armour and
   Shields.
   Introspection: Fighting and Spellcasting.
 d - the cursed +2 cloak "Perceptive Secrets" (worn) {Melee, Fort}
   (You found it on level 2 of the Dungeon)

   It has a curse which improves the following skills: Melee Combat: Short
   Blades, Long Blades, Axes, Maces & Flails, Polearms, Staves and Unarmed
   Combat.
   Fortitude: Armour and Shields.
 j - the cursed +2 shield of Resistance (worn) {rF++ rC++ Will++, Melee, Self}
   (You found it on level 5 of the Dungeon)

   It greatly protects you from fire.
   It greatly protects you from cold.
   It greatly increases your willpower.
   It has a curse which improves the following skills: Melee Combat: Short
   Blades, Long Blades, Axes, Maces & Flails, Polearms, Staves and Unarmed
   Combat.
   Introspection: Fighting and Spellcasting.
 l - a +2 cloak of stealth
 o - the cursed +4 pearl dragon scales of the Sibylline Regret (worn) {rN+, Elem, Fort}
   (You acquired it on level 3 of the Lair of Beasts)

   It protects you from negative energy.
   It has a curse which improves the following skills: Elements: Fire Magic, Ice
   Magic, Air Magic and Earth Magic.
   Fortitude: Armour and Shields.
 p - the cursed +0 hat "Lashed Together" (worn) {Fort, Range}
   (You bought it in a shop on level 2 of the Orcish Mines)

   It has a curse which improves the following skills: Fortitude: Armour and
   Shields.
   Ranged Combat: Slings, Bows, Crossbows and Throwing.
 B - the cursed +1 pair of boots of Desmomancy (worn) {Evo, Melee}
   (You found it on level 3 of the Shoals)

   It has a curse which improves the following skills: Evocations: Evocations.
   Melee Combat: Short Blades, Long Blades, Axes, Maces & Flails, Polearms,
   Staves and Unarmed Combat.
Jewellery
 f - the cursed amulet "Circumscribed Together" (around neck) {Reflect Int+4 SH+5, Self, Fort}
   (You acquired it on level 2 of the Vaults)

   [amulet of reflection]

   It reflects blocked missile attacks.
   It affects your intelligence (+4).
   It affects your SH (+5).
   It has a curse which improves the following skills: Introspection: Fighting
   and Spellcasting.
   Fortitude: Armour and Shields.
 h - the ring of Neyfiz {rN++ Slay+4}
   (You took it off a deep elf archer on level 3 of the Elven Halls)

   [ring of slaying]

   It affects your accuracy and damage with ranged weapons and melee attacks
   (+4).
   It greatly protects you from negative energy.
 i - the ring "Pegits" {rF++ EV+4}
   (You found it in a treasure trove)

   [ring of evasion]

   It affects your evasion (+4).
   It greatly protects you from fire.
 k - the ring "Suon" (right hand) {Contam rPois rN++ Str+6 Int+3}
   (You took it off a deep elf sorcerer on level 3 of the Elven Halls)

   [ring of strength]

   It affects your strength (+6).
   It affects your intelligence (+3).
   It protects you from poison.
   It greatly protects you from negative energy.
   It causes magical contamination when unequipped.
 r - the ring "Ihasyh" {rCorr Int+6}
   (You found it on level 3 of the Depths)

   [ring of intelligence]

   It affects your intelligence (+6).
   It protects you from acid and corrosion.
 s - a ring of protection from cold
 P - the cursed ring "Gnostic Augurer" (left hand) {rElec rN++ Str+3 Int-3 SInv, Evo, Melee}
   (You found it in a Gauntlet)

   [ring of see invisible]

   It affects your strength (+3).
   It affects your intelligence (-3).
   It insulates you from electricity.
   It greatly protects you from negative energy.
   It lets you see invisible.
   It has a curse which improves the following skills: Evocations: Evocations.
   Melee Combat: Short Blades, Long Blades, Axes, Maces & Flails, Polearms,
   Staves and Unarmed Combat.
Wands
 t - a wand of digging (26)
 u - a wand of mindburst (17)
 v - a wand of flame (130)
 w - a wand of acid (20)
 x - a wand of charming (39)
 y - a wand of paralysis (23)
 z - a wand of iceblast (74)
Scrolls
 Q - 3 scrolls of immolation {!r!r}
 S - 4 scrolls of summoning
 T - 14 scrolls of teleportation
 V - 5 scrolls of vulnerability {!r!r}
 W - 4 scrolls of holy word
 X - 11 scrolls of fog
 Y - 2 scrolls of blinking {!r}
 Z - 3 scrolls of silence {!r}
Potions
 A - 9 potions of ambrosia
 C - 6 potions of berserk rage {!q}
 E - 4 potions of cancellation
 F - 26 potions of curing
 G - 6 potions of flight
 H - 8 potions of haste
 I - 8 potions of invisibility
 J - 7 potions of heal wounds
 N - 4 potions of might
 O - 4 potions of resistance


   Skills:
 + Level 24.2(27) Fighting
 + Level 22.9(27) Maces & Flails
 + Level 19.3(22.4) Throwing
 * Level 23.0(27) Armour
 * Level 18.3 Dodging
 * Level 6.4 Stealth
 * Level 22.9(27) Shields
 + Level 15.8(19.2) Evocations


You had 27 spell levels left.
You didn't know any spells.
Your spell library contained the following spells:

 Spells                   Type           Power      Damage    Failure   Level
 Foxfire                  Conj/Fire      0%         2x1d4     43%         1
 Shock                    Conj/Air       0%         1d3       43%         1
 Animate Skeleton         Necr           0%         N/A       45%         1
 Apportation              Tloc           0%         N/A       45%         1
 Beastly Appendage        Tmut           0%         N/A       45%         1
 Corona                   Hex            0%         N/A       45%         1
 Magic Dart               Conj           0%         1d3       45%         1
 Pain                     Necr           0%         1d4       45%         1
 Sting                    Tmut/Pois      0%         1d3       45%         1
 Summon Small Mammal      Summ           0%         N/A       45%         1
 Swiftness                Air            1%         N/A       54%         2
 Corpse Rot               Necr/Air       N/A        N/A       56%         2
 Ensorcelled Hibernation  Hex/Ice        0%         N/A       56%         2
 Passwall                 Tmut/Erth      0%         N/A       56%         2
 Poisonous Vapours        Pois/Air       0%         N/A       56%         2
 Blink                    Tloc           N/A        N/A       58%         2
 Call Imp                 Summ           0%         N/A       58%         2
 Searing Ray              Conj           0%         3d3       58%         2
 Slow                     Hex            0%         N/A       58%         2
 Sublimation of Blood     Necr           0%         N/A       58%         2
 Conjure Flame            Conj/Fire      0%         6-21      80%         3
 Inner Flame              Hex/Fire       0%         N/A       80%         3
 Static Discharge         Conj/Air       0%         N/A       80%         3
 Stone Arrow              Conj/Erth      0%         3d7       80%         3
 Ignite Poison            Fire/Tmut/Pois 0%         N/A       82%         3
 Mephitic Cloud           Conj/Pois/Air  0%         N/A       82%         3
 Call Canine Familiar     Summ           0%         N/A       83%         3
 Confusing Touch          Hex            0%         N/A       83%         3
 Dazzling Flash           Conj/Hex       0%         N/A       83%         3
 Gell's Gravitas          Tloc           0%         N/A       83%         3
 Lesser Beckoning         Tloc           0%         N/A       83%         3
 Portal Projectile        Hex/Tloc       0%         N/A       83%         3
 Spider Form              Tmut/Pois      0%         N/A       83%         3
 Summon Guardian Golem    Hex/Summ       0%         N/A       83%         3
 Tukima's Dance           Hex            0%         N/A       83%         3
 Vampiric Draining        Necr           0%         2d6       83%         3
 Airstrike                Air            0%         N/A       99%         4
 Animate Dead             Necr           0%         N/A       99%         4
 Cause Fear               Hex            0%         N/A       99%         4
 Dispel Undead            Necr           0%         3d6       99%         4
 Fulminant Prism          Conj/Hex       0%         3d6       99%         4
 Ice Form                 Ice/Tmut       0%         N/A       99%         4
 Iskenderun's Mystic Bla  Conj/Tloc      0%         2d3       99%         4
 Leda's Liquefaction      Hex/Erth       0%         N/A       99%         4
 Olgreb's Toxic Radiance  Pois           0%         N/A       99%         4
 Passage of Golubria      Tloc           N/A        N/A       99%         4
 Petrify                  Tmut/Erth      0%         N/A       99%         4
 Summon Ice Beast         Ice/Summ       0%         N/A       99%         4
 Summon Lightning Spire   Summ/Air       0%         N/A       99%         4
 Agony                    Necr           0%         N/A       100%        5
 Alistair's Intoxication  Tmut/Pois      0%         N/A       100%        5
 Bolt of Magma            Conj/Fire/Erth 0%         4d4       100%        5
 Excruciating Wounds      Necr           0%         N/A       100%        5
 Fireball                 Conj/Fire      0%         3d3       100%        5
 Hydra Form               Tmut           0%         N/A       100%        5
 Irradiate                Conj/Tmut      0%         3d13      100%        5
 Iskenderun's Battlesphe  Conj           0%         2d6       100%        5
 Lightning Bolt           Conj/Air       0%         1d11      100%        5
 Manifold Assault         Tloc           0%         N/A       100%        5
 Silence                  Hex/Air        0%         N/A       100%        5
 Summon Forest            Summ/Tloc      0%         N/A       100%        5
 Summon Mana Viper        Hex/Summ       0%         N/A       100%        5
 Yara's Violent Unravell  Hex/Tmut       0%         3d3       100%        5
 Conjure Ball Lightning   Conj/Air       0%         3x3d6     100%        6
 Death Channel            Necr           0%         N/A       100%        6
 Dispersal                Tloc           0%         N/A       100%        6
 Eringya's Noxious Bog    Tmut/Pois      0%         N/A       100%        6
 Freezing Cloud           Conj/Ice/Air   0%         6-21      100%        6
 Invisibility             Hex            0%         N/A       100%        6
 Iron Shot                Conj/Erth      0%         9d1       100%        6
 Simulacrum               Ice/Necr       0%         N/A       100%        6
 Starburst                Conj/Fire      0%         8x6d3     100%        6
 Haunt                    Necr/Summ      0%         N/A       100%        7
 Malign Gateway           Summ/Tloc      0%         N/A       100%        7
 Monstrous Menagerie      Summ           0%         N/A       100%        7
 Orb of Destruction       Conj           0%         N/A       100%        7
 Ozocubu's Refrigeration  Ice            0%         4d5       100%        7
 Spellforged Servitor     Conj/Summ      0%         N/A       100%        7
 Summon Hydra             Summ           0%         N/A       100%        7
 Borgnjor's Revivificati  Necr           0%         N/A       100%        8
 Discord                  Hex            0%         N/A       100%        8
 Disjunction              Tloc           0%         N/A       100%        8
 Ignition                 Fire           0%         3d3       100%        8
 Infestation              Necr           0%         N/A       100%        8
 Necromutation            Tmut/Necr      0%         N/A       100%        8
 Summon Horrible Things   Summ           0%         N/A       100%        8
 Death's Door             Necr           0%         N/A       100%        9
 Tornado                  Air            0%         N/A       100%        9


Dungeon Overview and Level Annotations

Branches:
Dungeon (15/15)            Temple (1/1) D:6            Lair (6/6) D:9
 Shoals (4/4) Lair:3       Spider (4/4) Lair:4        Slime (0/5) Lair:5
    Orc (2/2) D:10            Elf (3/3) Orc:2        Vaults (5/5) D:13
  Crypt (0/3) Vaults:2     Depths (5/5) D:15            Zot (5/5) Depths:5
  IceCv (visited)         Volcano (visited)         Desolation (visited)
Gauntlet (visited)

Altars:
Ashenzari
Cheibriados
Dithmenos
Elyvilon
Fedhas
Gozag
Hepliaklqana
Kikubaaqudgha
Makhleb
Nemelex Xobeh
Okawaru
Qazlal
Ru
Sif Muna
Trog
Uskayaw
Vehumet
Wu Jian
Xom
Yredelemnul
Zin
The Shining One
Jiyva

Shops:
D:1 *   D:6 *   D:9 =*(*[   Orc:1 (   Orc:2 [[[(   Elf:3 *   Shoals:2 =

Portals:
Hell: Depths:1 Depths:2 Depths:3 Depths:4 Depths:5
Abyss: Depths:4 Depths:5
Pandemonium: Depths:1 Depths:2 Depths:3 Depths:4
Ziggurat: Depths:3

Annotations:
Lair:2 3 runed translucent doors, toffzen's ghost, journeyman DrBe


Innate Abilities, Weirdness & Mutations

You have a pair of horns on your head.
You reflexively headbutt those who attack you in melee.
You are clumsy. (Dex -2)
Your body sometimes deteriorates upon taking damage.


Message History

* * * LOW HITPOINT WARNING * * *
The ancient lich gestures at itself while chanting.
The ancient lich flickers and vanishes for a moment.
The Orb Guardian hits you but does no damage.
The tentacled monstrosity tentacle-slaps you.
* * * LOW HITPOINT WARNING * * *
The tentacled monstrosity tentacle-slaps you.
* * * LOW HITPOINT WARNING * * *
The tentacled monstrosity tentacle-slaps you.
* * * LOW HITPOINT WARNING * * *
The tentacled monstrosity constricts you.
The Orb Guardian hits you but does no damage.
A dread lich comes into view.
The ancient lich touches you but does no damage.
The dread lich casts a spell at itself.
The dread lich flickers and vanishes for a moment.
Really read
Y - 3 scrolls of blinking {!r}? [Y]es or [N]o only, please.
Really read
Y - 3 scrolls of blinking {!r}? [Y]es or [N]o only, please.
Really read
Y - 3 scrolls of blinking {!r}?
Blink to where?
Press: ? - help, Dir - move target The tentacled monstrosity's grasp on you weakens, but your attempt to escape fails.
As you read the scroll of blinking {!r}, it crumbles to dust.
The Orb Guardian hits you!
* * * LOW HITPOINT WARNING * * *
The Orb Guardian hits you but does no damage.
The ancient lich gestures wildly while chanting.
The ancient lich seems to speed up.
The orb of fire glows deep purple.
The bolt of fire hits you!! You resist.
* * * LOW HITPOINT WARNING * * *
The ancient lich touches you but does no damage.
The tentacled monstrosity barely misses you.
The tentacled monstrosity tentacle-slaps you but does no damage. x2
The tentacled monstrosity constricts you.
The blizzard demon waves its arms in wide circles.
The air twists around and strikes you!
You die...

**,,,,{∆{,,,,,,,{,,,,,,,*
###▓...{..{.,,,{{,,,,,,**
####▓▓▓▓{{{{.{,{{{.,^,,**
#####▓▓▓▓▓▓▓▓▓▓▓##^.,,,**
###########.{^))......L...,,,,**
#########....##)....d.....,,,,,**
########..§###...L2..L....,,,,,,*
.......^..###..XX*XL...^..,,,,,,,
.........##▓#...@L*.......,,,,,,,
.........#▓▓#....X........,,^,,,,
........##▓▓#......^.....^,,,,,,,
........#▓▓▓#.........^...,,,,,,,
.....[^.##▓▓#.............,,,,,,,
.........#▓ ##..........^.,,,,,,*
.........##▓▓##.^.........,,,,,**
..........#▓▓▓##.....^....,,,,**
##.########▓▓▓▓****************


You could see 2 orbs of fire, a tentacled monstrosity, 3 ancient liches, 2 dread
liches, a green draconian (fleeing), 3 Orb Guardians and a blizzard demon
(summoned).

Vanquished Creatures
  An orb of fire (Zot:5)
  A dread lich (Vaults:5)
  5 juggernauts
  Mara (Depths:2)
  Sojobo (Vaults:4)
  Saint Roka (Elf:2)
  Frederick (Vaults:4)
  A Killer Klown (Zot:3)
  Margery (Depths:5)
  A caustic shrike (Depths:3)
  A curse toe (Zot:5)
  5 golden dragons
  5 electric golems
  Arachne (Spider:4)
  Jorgrun (Spider:1)
  22 tentacled monstrosities
  3 liches
  3 deep elf master archers (Elf:3)
  7 Orb Guardians (Zot:5)
  2 titans
  3 acid blobs
  The ghost of Killmatronix the Severer, an adept FoHu of Okawaru (Spider:2)
  4 deep elf blademasters
  7 death cobs
  9 quicksilver dragons
  3 krakens
  2 sphinxes
  Agnes (Lair:4)
  3 azure jellies
  A draconian monk (Zot:4)
  16 storm dragons
  6 shadow dragons
  Ilsuiw (Shoals:3)
  5 tengu reavers
  Donald (Spider:2)
  5 fire giants
  6 frost giants
  5 draconian knights
  2 imperial myrmidons (Desolation)
  4 rockslimes
  6 iron dragons
  5 ghost moths
  16 vault wardens
  Aizul (Elf:2)
  An orc warlord (Vaults:1)
  5 draconian scorchers
  10 deep elf sorcerers
  6 emperor scorpions
  4 draconian shifters
  2 deep elf elementalists
  A balrug (Depths:3)
  Louise (Elf:2)
  2 draconian stormcallers
  10 war gargoyles
  5 draconian annihilators
  17 ironbound preservers
  22 very ugly things
  20 stone giants
  5 vampire knights
  3 deep elf demonologists (Elf:3)
  6 purple draconians
  8 black draconians
  11 green draconians
  7 entropy weavers
  2 halazid warlocks (Desolation)
  4 dire elephants
  A minotaur (Gauntlet)
  9 deep elf annihilators
  2 spark wasps
  8 white draconians
  11 red draconians
  7 yellow draconians
  2 deep elf death magi
  8 crystal guardians
  8 merfolk javelineers
  9 fire dragons
  A green death (Depths:4)
  5 deep elf high priests
  6 ragged hierophants (Desolation)
  6 merfolk impalers
  13 yaktaur captains
  Josephine (D:12)
  12 ettins
  9 servants of whispers (Desolation)
  28 vault guards
  7 hydras
  5 rakshasas
  Harold (D:7)
  9 ice dragons
  11 great orbs of eyes
  A hell beast (Gauntlet)
  A monstrous demonspawn (Depths:1)
  2 ironbound thunderhulks
  11 ironbound frosthearts
  7 peacekeepers
  11 boulder beetles
  2 ogre magi
  2 merfolk aquamancers
  12 centaur warriors
  3 satyrs
  4 merfolk avatars
  Erica (Lair:1)
  2 alligator snapping turtles (Shoals:2)
  A ghost crab (Spider:3)
  8 two-headed ogres
  4 death knights
  20 dancing weapons
  6 death yaks
  9 deep troll earth magi
  6 tengu warriors
  11 deep troll shamans
  2 spriggan berserkers
  3 ironbound beastmasters
  2 sun demons (Depths:3)
  Nergalle (Lair:2)
  14 deep elf knights
  Sonja (Lair:1)
  7 iron trolls
  23 hell knights
  2 shadow wraiths
  A skeletal warrior (D:15)
  2 salamander mystics
  A sea snake (shapeshifter) (Vaults:5)
  77 deep trolls
  11 sea snakes
  A gelid demonspawn (Depths:2)
  3 flayed ghosts
  A glowing orange brain (shapeshifter) (Vaults:5)
  3 glowing orange brains
  30 deep elf zephyrmancers
  17 deep elf archers
  22 harpies
  24 deep elf pyromancers
  6 orc knights
  7 necromancers
  A swamp dragon (Zot:3)
  21 orb spiders
  An orb spider (shapeshifter) (Elf:2)
  40 wolf spiders
  31 ironbound convokers
  4 orc sorcerers
  7 wizards
  3 lindwurms (Vaults:2)
  2 tengu skeletons
  A shining eye (shapeshifter) (Vaults:5)
  7 oklob plants
  A manticore (shapeshifter) (Elf:2)
  46 slime creatures
  9 salamanders
  5 cyclopes
  20 fauns
  44 ugly things
  25 moths of wrath
  14 manticores
  2 human zombies
  2 guardian serpents (Desolation)
  A salamander (shapeshifter) (D:15)
  2 moths of wrath (shapeshifter) (Vaults:5)
  13 merfolk sirens
  9 elephants
  A guardian serpent (shapeshifter) (D:14)
  5 ice statues (IceCv)
  17 vault sentinels
  3 water nymphs
  4 black mambas
  2 human skeletons
  An orange demon (Depths:1)
  2 gargoyles
  A smoke demon (Depths:4)
  11 cane toads
  2 hellions
  33 yaktaurs
  3 kobold demonologists
  4 freezing wraiths
  2 unseen horrors (Depths:4)
  A yaktaur (shapeshifter) (D:15)
  8 komodo dragons
  5 rime drakes
  13 demonic crawlers
  A golden dragon simulacrum (IceCv)
  5 trolls
  2 anaconda simulacra (IceCv)
  6 tengu conjurers
  2 ice devils
  A troll (shapeshifter) (Vaults:5)
  3 wind drakes
  39 jumping spiders
  25 merfolk
  4 polar bears
  2 red devils
  6 tyrant leeches (Spider:3)
  19 hornets
  3 raiju (shapeshifter)
  49 saltlings (Desolation)
  15 dream sheep
  18 blink frogs
  9 snapping turtles
  A human simulacrum (Vaults:3)
  4 flying skulls (Gauntlet)
  4 wyverns
  A redback (shapeshifter) (Depths:2)
  A vampire (D:13)
  An ettin skeleton (Vaults:1)
  2 centaur simulacra (D:14)
  2 shadows
  11 wraiths
  16 spriggans
  16 yaks
  2 ynoxinuls
  11 water elementals
  71 redbacks
  A fire bat (shapeshifter) (Vaults:5)
  45 tarantellas
  8 basilisks
  5 fire elementals
  4 steam dragons
  8 fire bats (Depths:4)
  2 chaos spawn
  16 vampire mosquitoes
  A two-headed ogre zombie (D:10)
  2 harpy simulacra (IceCv)
  5 large abominations
  An acid dragon (shapeshifter) (Vaults:5)
  6 wargs
  An iron troll simulacrum (IceCv)
  2 hell hounds (Lair:4)
  15 water moccasins
  2 hydra simulacra (IceCv)
  A sky beast (D:7)
  35 orc warriors
  The ghost of PeterLawrence the Shield-Bearer, an amateur MiFi (D:3)
  6 black bears
  8 ice beasts
  11 ogres
  An ettin simulacrum (IceCv)
  42 wolves
  11 boggarts
  21 centaurs
  A phantom (D:9)
  4 kobold brigands
  13 bullfrogs
  2 gnoll sergeants
  3 earth elementals (Elf:2)
  A wyvern zombie (D:8)
  4 scorpions
  2 troll zombies (D:10)
  A water moccasin skeleton (D:4)
  17 killer bees
  An oklob sapling (D:13)
  2 electric eels
  A howler monkey (D:14)
  5 centaur zombies
  3 quasits (D:3)
  2 bullfrog zombies (D:5)
  12 orc priests
  4 jellies
  A centaur skeleton (D:7)
  A gnoll shaman (D:6)
  3 iguanas
  15 orc wizards
  A scorpion zombie (D:5)
  14 small abominations
  A killer bee zombie (D:8)
  5 ogre zombies (D:10)
  2 howler monkey zombies
  15 gnolls
  A howler monkey skeleton (D:4)
  10 adders
  A shadow imp (D:6)
  2 ufetubi
  A worm (D:2)
  4 dart slugs
  66 orcs
  11 ball pythons
  5 endoplasms
  2 giant cockroaches
  12 goblins
  6 hobgoblins
  6 jackals
  19 kobolds
  3 quokkas
  7 bats
  5 frilled lizards
  A goblin skeleton (D:10)
  4 goblin zombies (D:10)
  A hobgoblin skeleton (D:10)
  3 hobgoblin zombies (D:10)
  3 orc skeletons (D:10)
  13 orc zombies (D:10)
  4 rats
  A bush (D:13)
  8 tentacles
2270 creatures vanquished.

Vanquished Creatures (others)
  A golden dragon (Zot:4)
  An ironbound preserver (Vaults:4)
  A yellow draconian (Zot:3)
  A shadow wraith (Vaults:5)
  2 deep elf knights
  2 harpies (Shoals:4)
  2 wizards
  A necromancer (Depths:5)
  A merfolk siren (Shoals:4)
  A redback (Spider:4)
  A water elemental (Elf:1)
  A fire vortex (Lair:4)
  24 fungi
  101 plants
  16 tentacles
  A withered plant (Desolation)
157 creatures vanquished.

Grand Total: 2427 creatures vanquished

Notes
Turn   | Place    | Note
-------+----------+-------------------------------------------
     0 | D:1      | wakim the Minotaur Fighter began the quest for the Orb.
     0 | D:1      | Reached XP level 1. HP: 19/19 MP: 0/0
    34 | D:1      | Found a faded altar of an unknown god.
    68 | D:1      | Found Teafigent's General Store.
   441 | D:1      | Reached XP level 2. HP: 27/27 MP: 1/1
   924 | D:1      | Became a worshipper of Ashenzari the Shackled
  1243 | D:2      | Reached XP level 3. HP: 33/33 MP: 2/2
  1414 | D:2      | Reached skill level 4 in Fighting
  1588 | D:2      | Found an ancient bone altar of Kikubaaqudgha.
  1785 | D:2      | Reached XP level 4. HP: 39/40 MP: 3/3
  2801 | D:3      | Found a transporter.
  2804 | D:3      | Noticed PeterLawrence's ghost (amateur MiFi)
  2882 | D:3      | Reached XP level 5. HP: 27/47 MP: 4/4
  3136 | D:3      | Found a transporter.
  3486 | D:4      | Reached skill level 5 in Armour
  3890 | D:4      | Reached XP level 6. HP: 44/53 MP: 5/5
  4140 | D:4      | Reached skill level 5 in Maces & Flails
  4650 | D:5      | Entered Level 5 of the Dungeon
  4732 | D:5      | Noticed an ice beast
  4744 | D:5      | Killed an ice beast
  4745 | D:5      | Reached skill level 5 in Fighting
  4745 | D:5      | Reached skill level 5 in Shields
  4837 | D:5      | Reached XP level 7. HP: 59/61 MP: 6/6
  4895 | D:5      | Found the +2 shield of Resistance {rF++ rC++ Will++}
  5687 | D:6      | Reached * piety under Ashenzari
  5828 | D:6      | Reached skill level 6 in Fighting
  6015 | D:6      | Found a staircase to the Ecumenical Temple.
  6020 | Temple   | Entered the Ecumenical Temple
  6414 | D:6      | Reached XP level 8. HP: 73/73 MP: 7/7
  6584 | D:6      | Found an opulent altar of Gozag.
  6589 | D:6      | Found Gozag's Platinum Reserve.
  6770 | D:7      | Reached ** piety under Ashenzari
  6937 | D:7      | Reached skill level 7 in Fighting
  7236 | D:8      | Noticed Harold
  7521 | D:7      | Killed Harold
  7522 | D:7      | Reached skill level 8 in Fighting
  7522 | D:7      | Reached XP level 9. HP: 28/84 MP: 8/8
  8827 | D:8      | Found a radiant altar of Vehumet.
  8827 | D:8      | Found a sacrificial altar of Ru.
  8835 | D:8      | Found a faded altar of an unknown god.
  8837 | D:8      | Found a hide-covered altar of Uskayaw.
  8839 | D:8      | Found a faded altar of an unknown god.
  8886 | D:9      | Noticed a two-headed ogre
  8899 | D:8      | Reached skill level 9 in Fighting
  8953 | D:9      | Found Goth's Jewellery Shop.
  9052 | D:9      | Found Beteit's Weapon Shop.
  9130 | D:9      | Found a staircase to the Lair.
  9134 | D:9      | Noticed a troll
  9144 | D:9      | Killed a troll
  9145 | D:9      | Reached XP level 10. HP: 67/94 MP: 9/9
  9321 | D:9      | Found Pienosm's Armour Emporium.
  9322 | D:9      | Found Ijior's Assorted Antiques.
  9330 | D:9      | Bought a scroll labelled DAIXKUKABO for 37 gold pieces
  9348 | D:9      | Reached skill level 10 in Maces & Flails
  9428 | D:9      | Found Tyebieg's Assorted Antiques.
  9436 | D:9      | Bought a pair of glowing gloves for 187 gold pieces
  9458 | D:9      | Reached *** piety under Ashenzari
  9608 | D:9      | Noticed a manticore
  9930 | D:9      | Killed a manticore
  9993 | D:9      | Reached skill level 10 in Fighting
  9993 | D:9      | Reached skill level 10 in Shields
 10485 | D:9      | Noticed an eight-headed hydra
 10485 | D:9      | Noticed a boulder beetle
 10492 | D:9      | Noticed a centaur warrior
 10492 | D:9      | Noticed a tengu warrior
 11107 | D:9      | Noticed a green ugly thing
 11107 | D:9      | Noticed a cyclops
 11108 | D:9      | Noticed a cyan ugly thing
 11202 | D:9      | Found a basalt altar of Yredelemnul.
 11256 | D:9      | Killed a two-headed ogre
 11306 | D:8      | Killed a white ugly thing
 11440 | D:9      | Killed a brown ugly thing
 11655 | D:9      | Killed a cyclops
 11872 | D:10     | Entered Level 10 of the Dungeon
 11963 | D:10     | Found a staircase to the Orcish Mines.
 12001 | D:9      | Reached XP level 11. HP: 88/107 MP: 10/10
 12102 | D:10     | Reached skill level 1 in Throwing
 12826 | D:10     | Found an ancient bone altar of Kikubaaqudgha.
 12827 | D:10     | Found a blossoming altar of Fedhas.
 12844 | D:10     | Reached skill level 11 in Fighting
 13658 | D:11     | Noticed a two-headed ogre
 13674 | D:11     | Killed a two-headed ogre
 13861 | D:11     | Reached skill level 10 in Armour
 14315 | D:11     | Identified a scroll of acquirement
 14344 | D:11     | Acquired a +2 morningstar of draining
 14576 | D:12     | Noticed a two-headed ogre
 14583 | D:12     | Killed a two-headed ogre
 14584 | D:12     | Reached skill level 5 in Throwing
 14612 | D:12     | Noticed a boulder beetle
 14621 | D:12     | Killed a boulder beetle
 14768 | D:12     | Noticed a two-headed ogre
 14776 | D:12     | Killed a two-headed ogre
 14777 | D:12     | Reached XP level 12. HP: 116/116 MP: 11/11
 14887 | D:12     | Noticed Josephine
 14898 | D:12     | Killed Josephine
 15338 | D:12     | Found a shimmering blue altar of Sif Muna.
 15436 | D:13     | Reached skill level 12 in Fighting
 15746 | D:13     | Noticed a centaur warrior
 15762 | D:13     | Killed a centaur warrior
 15820 | D:13     | Noticed a centaur warrior
 15831 | D:13     | Killed a centaur warrior
 15988 | D:13     | Noticed a four-headed hydra
 15993 | D:13     | Killed a four-headed hydra
 16427 | D:13     | Noticed a two-headed ogre
 16444 | D:13     | Killed a two-headed ogre
 16815 | D:8      | Killed an eight-headed hydra
 16821 | D:8      | Killed a centaur warrior
 16822 | D:8      | Reached skill level 1 in Evocations
 16933 | Lair:1   | Entered Level 1 of the Lair of Beasts
 17194 | Lair:1   | Noticed Sonja
 17206 | Lair:1   | Killed Sonja
 17207 | Lair:1   | Reached XP level 13. HP: 121/127 MP: 12/12
 17459 | Lair:1   | Noticed Erica
 17480 | Lair:1   | Killed Erica
 17997 | Lair:2   | Noticed Nergalle
 18007 | Lair:2   | Killed Nergalle
 18025 | Lair:2   | Found a runed translucent gate.
 18025 | Lair:2   | Found a runed translucent gate.
 18025 | Lair:2   | Found a runed translucent gate.
 18029 | Lair:2   | Noticed toffzen's ghost (journeyman DrBe)
 18029 | Lair:2   | Noticed a quicksilver ooze
 18339 | D:3      | Killed PeterLawrence's ghost
 18677 | Lair:2   | Reached skill level 13 in Fighting
 19269 | Lair:2   | Found a viscous altar of Jiyva.
 19649 | Lair:3   | Acquired +2 pearl dragon scales
 19723 | Lair:3   | Found a staircase to the Shoals.
 19836 | Lair:3   | Reached skill level 5 in Evocations
 19852 | Lair:3   | Reached skill level 10 in Throwing
 20395 | Lair:4   | Found a dark tunnel.
 20399 | Lair:4   | Reached skill level 1 in Dodging
 20407 | Volcano  | Entered a volcano
 20427 | Volcano  | Found a burning altar of Makhleb.
 20462 | Volcano  | Noticed a red draconian
 20477 | Volcano  | Killed a red draconian
 21125 | Lair:4   | Reached **** piety under Ashenzari
 21223 | Lair:4   | Found a hole to the Spider Nest.
 21226 | Lair:4   | Reached XP level 14. HP: 141/141 MP: 14/14
 21573 | Lair:4   | Identified the ring of Acromacs {rCorr SInv}
 22216 | Lair:5   | Reached skill level 14 in Fighting
 22813 | Lair:5   | Found a staircase to the Slime Pits.
 23344 | Lair:6   | Entered Level 6 of the Lair of Beasts
 23347 | Lair:6   | Found a gate leading to a gauntlet.
 23366 | Gauntlet | Entered a Gauntlet
 23366 | Gauntlet | Found a transporter.
 23366 | Gauntlet | Found a transporter.
 23382 | Gauntlet | Found a transporter.
 23383 | Gauntlet | Identified the ring "Nary" {Ice rElec Dex+7}
 23383 | Gauntlet | Found a transporter.
 23398 | Gauntlet | Found a transporter.
 23406 | Gauntlet | Found a transporter.
 23410 | Gauntlet | Found a transporter.
 23419 | Gauntlet | Found a transporter.
 23422 | Gauntlet | Found the +8 glaive of the Guard {elec, spectral, AC+5}
 23434 | Gauntlet | Identified the ring of the Omega Point {rElec rN++ Str+3
                  | Int-3 SInv}
 23435 | Gauntlet | Found a transporter.
 23449 | Gauntlet | Found a transporter.
 23461 | Gauntlet | Found a transporter.
 23561 | Gauntlet | Found a transporter.
 23650 | Gauntlet | Identified the +8 quarterstaff of Capital Punishment
                  | {vorpal, Str+2}
 23663 | Gauntlet | Found the +6 Majin-Bo {vamp, MP+6 Int+6}
 23663 | Gauntlet | Identified the Collected Works on Gliding Bewitchment
 25613 | Lair:6   | Reached ***** piety under Ashenzari
 26055 | D:13     | Found a gate to the Vaults.
 26128 | D:13     | Identified the Compendium of Nature
 26348 | D:13     | Reached XP level 15. HP: 154/154 MP: 15/15
 26349 | D:13     | Reached skill level 15 in Fighting
 27073 | D:14     | Reached skill level 5 in Dodging
 27656 | D:15     | Entered Level 15 of the Dungeon
 27996 | D:15     | Found a staircase to the Depths.
 28469 | D:15     | Found a stormy altar of Qazlal.
 28647 | D:15     | Reached skill level 15 in Armour
 29221 | Orc:1    | Entered Level 1 of the Orcish Mines
 29264 | Orc:1    | Found Orout's Antique Weapon Emporium.
 29332 | Orc:1    | Found a bloodstained altar of Trog.
 29426 | Orc:2    | Entered Level 2 of the Orcish Mines
 30489 | Orc:2    | Found Zuoscheha's Armour Shoppe.
 30489 | Orc:2    | Found Vumileib's Armour Boutique.
 30491 | Orc:2    | Found Ypes's Weapon Shop.
 30493 | Orc:2    | Found Deesmaon's Antique Armour Emporium.
 30505 | Orc:2    | Bought a hat for 128 gold pieces
 30544 | Orc:2    | Found a staircase to the Elven Halls.
 31212 | D:9      | Reached skill level 16 in Fighting
 31323 | Spider:1 | Entered Level 1 of the Spider Nest
 31323 | Spider:1 | Noticed Agnes
 31345 | Lair:4   | Killed Agnes
 31531 | Lair:4   | Reached XP level 16. HP: 81/165 MP: 16/16
 33162 | Spider:2 | Noticed Donald
 33186 | Spider:2 | Killed Donald
 33194 | Spider:2 | Noticed Jorgrun
 33398 | Spider:1 | Killed Jorgrun
 34213 | Spider:2 | Identified the +1 leather armour of Huetawud {rC+}
 34269 | Spider:2 | Identified the +8 long sword "Korphecong" {speed, rC+
                  | Stlth+}
 34357 | Spider:2 | Found a runed translucent door.
 34357 | Spider:2 | Noticed Killmatronix's ghost (adept FoHu)
 34385 | Spider:2 | Killed Killmatronix's ghost
 35268 | Spider:4 | Entered Level 4 of the Spider Nest
 35268 | Spider:4 | Identified the Disquisition on the Shifting Entourage
 35615 | Spider:4 | Reached XP level 17. HP: 140/170 MP: 16/16
 35746 | Spider:4 | Noticed Arachne
 35760 | Spider:4 | Reached skill level 17 in Fighting
 35780 | Spider:4 | HP: 8/171 [wolf spider (9)]
 35912 | Spider:4 | Killed Arachne
 36046 | Spider:4 | Reached skill level 15 in Maces & Flails
 36925 | Spider:4 | Reached skill level 15 in Shields
 36975 | Spider:4 | Got a gossamer rune of Zot
 37255 | Shoals:1 | Entered Level 1 of the Shoals
 37378 | Shoals:1 | Noticed a kraken
 37401 | Shoals:1 | Killed a kraken
 38083 | Shoals:2 | Found Tititsem's Jewellery Emporium.
 38159 | Shoals:2 | Reached XP level 18. HP: 172/182 MP: 17/17
 38581 | Orc:1    | Bought a smoking morningstar for 297 gold pieces
 38581 | Orc:1    | Identified the +4 morningstar "Citzex" {holy, +Rage rPois}
                  | (You bought it in a shop on level 1 of the Orcish Mines)
 39306 | Shoals:3 | Noticed Ilsuiw
 39573 | Shoals:3 | Reached skill level 18 in Fighting
 39580 | Shoals:3 | Killed Ilsuiw
 39914 | Shoals:3 | Found a broken altar of Ashenzari.
 40333 | Shoals:4 | Entered Level 4 of the Shoals
 40358 | Shoals:4 | Reached skill level 10 in Dodging
 40707 | Shoals:4 | Reached skill level 10 in Evocations
 41050 | Shoals:4 | Found the +10 tower shield of Ignorance {rN+ Int-4}
 41657 | Shoals:4 | Got a barnacled rune of Zot
 41828 | Shoals:4 | Identified the +5 scimitar "Kux Qics" {pain, rC+}
 42901 | Vaults:1 | Entered Level 1 of the Vaults
 43137 | Vaults:1 | Reached XP level 19. HP: 181/189 MP: 18/18
 43532 | Vaults:1 | HP: 2/189 [deep troll[an ironbound preserver] (9)]
 45034 | Vaults:2 | Identified the +1 scimitar of Wechotif {holy, Will- Dex+5
                  | SInv}
 45164 | Vaults:2 | Acquired the amulet "Zoppimal" {Reflect Int+4 SH+5}
 45204 | Vaults:2 | Found a portal to a secret trove of treasure.
 45753 | Vaults:2 | Found a staircase to the Crypt.
 45796 | Vaults:2 | Reached XP level 20. HP: 158/198 MP: 19/19
 46270 | Vaults:2 | Identified the +1 scale mail of the Quahog {Rampage Regen+
                  | SInv}
 46454 | Vaults:3 | Reached skill level 19 in Fighting
 48759 | Vaults:4 | Reached skill level 15 in Throwing
 49054 | Vaults:4 | Noticed Frederick
 49059 | Vaults:4 | Noticed Sojobo
 49639 | Vaults:4 | Killed Frederick
 49681 | Vaults:4 | Reached XP level 21. HP: 86/212 MP: 21/21
 50294 | Vaults:4 | Killed Sojobo
 51366 | Vaults:2 | You paid a toll of a +4 demon blade to enter a treasure
                  | trove
 51367 | Trove    | Entered a treasure trove
 51372 | Trove    | Identified the amulet "Duagaop" {Reflect Dex+4 SH+5}
 51373 | Trove    | Identified the ring "Pegits" {rF++ EV+4}
 51373 | Trove    | Identified the +5 plate armour "Raewedgha" {rPois rN+ SInv}
 51560 | Vaults:5 | Entered Level 5 of the Vaults
 52695 | Vaults:5 | Noticed a golden dragon
 52709 | Vaults:5 | Noticed a dread lich
 52798 | Vaults:5 | Identified the ring "Utieluec" {rCorr Int+6}
 52859 | Vaults:5 | Identified the +6 hand axe of the Harvest {speed, Will+}
 53085 | Vaults:5 | Got a silver rune of Zot
 53276 | Vaults:5 | Reached skill level 20 in Fighting
 53720 | Vaults:5 | Reached XP level 22. HP: 218/222 MP: 22/22
 53873 | Vaults:5 | Noticed a golden dragon
 53887 | Vaults:5 | Killed a golden dragon
 53904 | Vaults:5 | Identified the +1 cloak "Meyti" {Drain rN+++ Str-5 SInv}
 53906 | Vaults:5 | Identified the +3 great sword of Corporal Punishment {holy,
                  | rElec rC+++ Dex-5 Stlth+}
 54146 | Vaults:5 | Killed a dread lich
 54392 | Vaults:5 | Killed a golden dragon
 55211 | Elf:1    | Entered Level 1 of the Elven Halls
 55275 | Elf:1    | Paralysed by a floating eye for 3 turns
 55343 | Elf:1    | Found a ruined gateway.
 55354 | Desolati | Entered the Desolation of Salt
 55456 | Desolati | Identified the +1 ring mail "Urphieletz" {Stlth+}
 55938 | Desolati | Identified the +0 spear "Arcanum" {flame, Str+4}
 55938 | Desolati | Identified the +4 hand axe "Xuabiusk" {protect, +Blink rF-
                  | Str+4}
 55939 | Desolati | Identified the Disquisition on Hexes
 56317 | Desolati | Identified the Handbook of Noxious Snow
 56484 | Desolati | Identified the +10 dire flail of Xealeynt {flame, rC+
                  | Will++}
 56488 | Desolati | Identified the Almanac of Attacks and Transformation
 56494 | Desolati | Identified the Volume of the Compass and the Arsonist
 57748 | Elf:2    | Found a frozen archway.
 57763 | IceCv    | Entered an ice cave
 58354 | Elf:2    | Identified the +6 long sword "Buicuh" {venom, rC+ Will+}
 58380 | Elf:2    | Reached XP level 23. HP: 200/232 MP: 23/23
 58791 | Elf:2    | Noticed Louise
 58807 | Elf:2    | Killed Louise
 58808 | Elf:2    | Found a huge runed translucent gate.
 58808 | Elf:2    | Found a huge runed translucent gate.
 58808 | Elf:2    | Found a huge runed translucent gate.
 58808 | Elf:2    | Found a huge runed translucent gate.
 58808 | Elf:2    | Found a huge runed translucent gate.
 58992 | Elf:2    | Noticed Aizul
 59009 | Elf:2    | Killed Aizul
 59020 | Elf:2    | Noticed Saint Roka
 59426 | Elf:2    | Killed Saint Roka
 59427 | Elf:2    | Reached skill level 15 in Dodging
 60378 | Elf:3    | Entered Level 3 of the Elven Halls
 61326 | Elf:3    | Identified the +2 long sword "Sarcophage" {drain, rPois
                  | Will+ Str-3}
 61429 | Elf:3    | Reached skill level 21 in Fighting
 61546 | Elf:3    | Identified the ring of Neyfiz {rN++ Slay+4}
 61547 | Elf:3    | Identified the +9 glaive of Responsibility {flame, rPois
                  | rN+}
 61547 | Elf:3    | Identified the ring "Suon" {Contam rPois rN++ Str+6 Int+3}
 61549 | Elf:3    | Identified the +1 robe of Zecsuph {rC+}
 63121 | Elf:3    | Found Nibul's General Store.
 63129 | Elf:3    | Bought 3 scrolls of enchant weapon for 292 gold pieces
 63607 | Depths:1 | Entered Level 1 of the Depths
 64761 | D:15     | Reached XP level 24. HP: 234/243 MP: 23/23
 64920 | Depths:1 | Found a viscous altar of Jiyva.
 65089 | Depths:1 | Found a gateway to Hell.
 65149 | Depths:1 | Found a one-way gate leading to the halls of Pandemonium.
 65438 | Depths:1 | Found a blossoming altar of Fedhas.
 65567 | Depths:2 | Noticed a juggernaut
 65590 | Depths:1 | Killed a juggernaut
 65649 | Depths:2 | Identified the ring of Ozxioq {EV+4 Dex+4}
 65849 | Depths:2 | Noticed Mara
 65862 | Depths:2 | Identified the +10 shortbow of Kigy {freeze, Will+ Dex+3
                  | SInv}
 65867 | Depths:2 | Killed Mara
 66079 | Depths:2 | Reached skill level 22 in Fighting
 66909 | Depths:3 | Identified the +6 falchion of Pain and Death {antimagic,
                  | Stlth+}
 66911 | Depths:3 | Found a gateway to a ziggurat.
 67139 | Depths:3 | Identified Suolo's Grimoire of Scorching Sinister Arts
 67263 | Depths:3 | Noticed a juggernaut
 67274 | Depths:3 | Killed a juggernaut
 67652 | Depths:3 | Noticed a juggernaut
 67661 | Depths:3 | Killed a juggernaut
 67749 | Depths:3 | Noticed a juggernaut
 67755 | Depths:3 | Noticed a juggernaut
 67779 | Depths:3 | Killed a juggernaut
 67791 | Depths:3 | Killed a juggernaut
 67792 | Depths:3 | Reached XP level 25. HP: 112/255 MP: 23/23
 68085 | Depths:3 | Identified the +8 tower shield of Eternal Vigilance {rElec}
 68085 | Depths:3 | Identified the ring "Ihasyh" {rCorr Int+6}
 68086 | Depths:3 | Identified the Handbook of Harmful Stones
 70110 | Depths:4 | Reached skill level 15 in Evocations
 70480 | Depths:4 | Found a one-way gate to the infinite horrors of the Abyss.
 71679 | Depths:5 | Entered Level 5 of the Depths
 71686 | Depths:5 | Reached skill level 23 in Fighting
 71689 | Depths:5 | Noticed Margery
 71707 | Depths:5 | Killed Margery
 72516 | Depths:5 | Found a gate to the Realm of Zot.
 72653 | Zot:1    | Entered Level 1 of the Realm of Zot
 73329 | Zot:1    | Acquired 927 gold pieces
 73613 | Zot:1    | Reached skill level 1 in Stealth
 73628 | Zot:1    | Reached XP level 26. HP: 251/266 MP: 23/23
 79612 | Zot:4    | Reached skill level 24 in Fighting
 79612 | Zot:4    | Reached skill level 5 in Stealth
 80675 | Zot:5    | Entered Level 5 of the Realm of Zot
 81007 | Zot:5    | Noticed an orb of fire
 81301 | Zot:5    | Gained mutation: Your body sometimes deteriorates upon
                  | taking damage. [an orb of fire]
 81310 | Zot:5    | Killed an orb of fire
 81334 | Zot:5    | Reached XP level 27. HP: 221/273 MP: 23/23
 81518 | Zot:5    | Gained mutation: You are clumsy. (Dex -2) [mutagenic glow]
 81909 | Zot:5    | Noticed an ancient lich
 81981 | Zot:5    | Noticed a dread lich
 81982 | Zot:5    | Noticed an ancient lich
 81983 | Zot:5    | Noticed an orb of fire
 81984 | Zot:5    | Noticed an orb of fire
 81989 | Zot:5    | Noticed an ancient lich
 81990 | Zot:5    | Noticed a dread lich
 81991 | Zot:5    | HP: 6/273 [orb of fire/bolt of fire (24)]
 81991 | Zot:5    | Killed from afar by a blizzard demon

Illustrated notes

Levels and vault maps discovered:
D:1:      shiori_shiawase, layout_basic, ebering_ecumenical_altar_rust,
          serial_shops, shop
D:2:      layout_basic, basic_altar, minmay_quadrilaterals
D:3:      layout_loops_corners, gammafunk_ghost_stat_death
D:4:      layout_basic, serial_bayou, serial_bayou_lagoon_a,
          serial_bayou_crossing, serial_bayou_shore_b, serial_bayou_lake_a,
          serial_bayou_pond_c, serial_bayou_pond_e, minmay_misc_feat_rows
D:5:      cheibrodos_quashed, layout_cave_pools
D:6:      layout_loops_ring, nicolae_gozag_zags_fifth_avenue,
          minmay_temple_entry_nine_rooms, lemuel_old_faithful
D:7:      layout_rooms, minmay_hedge_maze
D:8:      layout_basic, chequers_temple_overflow_minitemple, uniq_harold
D:9:      hangedman_cross_veins, layout_small_grid,
          lemuel_zombie_altar_yredelemnul, lair_entry_dummy, serial_shops,
          nicolae_shop_temple_entry_statues_fountains, shop, shop,
          nicolae_shop_trees, shop
D:10:     layout_gridville, grunt_temple_overflow_growth_and_decay,
          zombieorc2_lemuel, kennysheep_pointless_box
D:11:     layout_roguey
D:12:     layout_loops_ring, tgw_sif, uniq_josephine
D:13:     layout_rooms, david_vaults_4, introduction_to_nature_2
D:14:     layout_loops_ring, corexii_hall_statues_l
D:15:     grunt_enter_depths_hoard, layout_layer_cave, minmay_misc_feat_doors,
          nicolae_qazlal_scattered_showers
Temple:   regret_index_temple_generic_petals
Lair:1:   layout_cave_pods, infiniplex_staircase_pool, uniq_sonja, uniq_erica
Lair:2:   layout_cellular_growth, gammafunk_ghost_endoplasm,
          beast_lair_carwin_6, uniq_nergalle
Lair:3:   layout_gridlike, minmay_shoals_entry_lonely_mermaid
Lair:4:   layout_gridlike, spider_nest_entry_funnel_web, enter_volcano_3,
          minmay_lair_oklob_chamber
Lair:5:   layout_gridlike, minmay_slime_entry_pillars, minmay_shattered_shrine
Lair:6:   minmay_lair_end_enchanted_forest, layout_cave_pods,
          gauntlet_entry_generic, serial_bayou_shore_b
Shoals:1: layout_shoals, kb_tengu_band
Shoals:2: layout_shoals, serial_shops, nicolae_shop_behind_doors,
          nicolae_shoals_arrival_archipelago
Shoals:3: layout_shoals, lemuel_oklob_altar, uniq_ilsuiw
Shoals:4: shoals_end_hangedman, layout_shoals, shoals_ilsuiw_ice
Spider:1: layout_spider_delve, drop_trap, uniq_agnes
Spider:2: layout_spider_delve, gammafunk_ghost_grave, uniq_donald, uniq_jorgrun
Spider:3: layout_spider_delve, nicolae_spider_swamp_cousins
Spider:4: guppyfry_spider_rune, nicolae_arachne_temple
Orc:1:    layout_diamond_mine, serial_shops, shop, trog_butcher_becter
Orc:2:    st_orc_rangers, layout_diamond_mine, mines3_lemuel
Elf:1:    elf_arrival_001, layout_gridlike,
          portal_desolation_entry_nicolae_slug, hangedman_elf_disciples
Elf:2:    layout_geoelf_diagonals, portal_ice_cave_entry_frozen_things,
          uniq_aizul, uniq_saint_roka, uniq_louise
Elf:3:    minmay_elf_hall_furrowed, layout_gridlike, serial_shops, shop
Vaults:1: v_misc_1, v_misc_30, v_rooms_3, hangedman_vaults_corner,
          hangedman_vaults_locks, v_misc_29, nicolae_vaults_little_ls,
          ontoclasm_vaults_bender, layout_vaults_maze
Vaults:2: nicolae_vaults_rhombus_7, ontoclasm_vaults_misaligned,
          vaults_room_corners, v_rooms_6, v_misc_24,
          nicolae_vaults_circle_grid_b, nicolae_vaults_twisting_passages,
          ontoclasm_vaults_ring_large, vaults_room_grunt_arrival_ludios,
          v_misc_25, v_misc_27, hangedman_vaults_hat, ontoclasm_vaults_ligature,
          layout_vaults_omnibox, blue_anna_dwarven_crypt,
          nicolae_trove_entry_crossroad
Vaults:3: v_misc_19, v_rooms_2, vaults_room_grid, v_alt_pattern_1,
          nicolae_vaults_big_angled_halls, v_misc_14,
          nicolae_vaults_shelves_hall, v_misc_26, serial_ice_b,
          grunt_vaults_hallway_long, st_lines, vaults_dpeg_hooks,
          nicolae_vaults_little_squares_4, layout_vaults_omnigrid
Vaults:4: v_alt_pattern_2, v_rooms_6, hangedman_vaults_stitches,
          hangedman_vaults_impose, hangedman_vaults_stagger, v_alt_pattern_6,
          ontoclasm_vaults_claustrophobia, nicolae_vaults_shelves_hall,
          vaults_dpeg_encased_lava, sword_in_stone, v_rooms_6,
          ontoclasm_vaults_shuriken, grunt_vaults_hallway_long,
          layout_vaults_big_room
Vaults:5
Depths:1: layout_cave_pools, rand_demon_pan_entry_5, hell_entry,
          kennysheep_cross_room, special_room [special_room_jelly],
          fedhas_altar_4, serial_bayou_shore_b
Depths:2: minmay_the_grid_octo_tiled_squarecenter
          [minmay_the_grid_octo_checkered, minmay_the_grid_octo_tetromino_candy,
          minmay_the_grid_octo_teeth, minmay_the_grid_octo_fat_diamond,
          minmay_the_grid_square_5x5_megaprize_hollow,
          minmay_the_grid_square_5x5_inner_i, minmay_the_grid_square_5x5_eight,
          minmay_the_grid_square_5x5_forky, minmay_the_grid_square_5x5_detours],
          layout_long_grid, rand_demon_pan_entry_9,
          hangedman_abyss_or_decor_stabs, hell_entry,
          infiniplex_staircase_hallway_doors, serial_bayou_shore_b, uniq_mara
Depths:3: minmay_nine_rooms, layout_gridlike, enter_ziggurat_e,
          hangedman_decor_lopped, lightli_too_deep, pan_entry
Depths:4: evilmike_lava_path, layout_gridlike, minmay_room_of_horrors,
          hell_entry, rand_demon_pan_entry_8, hangedman_glass_teeth,
          serial_bayou_shore_b, infiniplex_staircase_zigzag_2
Depths:5: evilmike_zot_entry_round, layout_twisted_cross, pf_coc_iceberg,
          abyss_entry, hangedman_decor_points, uniq_margery
Zot:1:    kennysheep_room_grid, layout_basic
Zot:2:    layout_misc_corridors
Zot:3:    layout_gridlike, hangedman_snake_sidewinding
Zot:4:    layout_gridville
Zot:5:    layout_twisted_circle, st_stairs_13, lemuel_baited_zot_trap

Skill      XL: |  1  2  3  4  5  6  7  8  9 10 11 12 13 14 15 16 17 18 19 20 21 22 23 24 25 26 27 |
---------------+----------------------------------------------------------------------------------+-----
Maces & Flails | 3 4 5 6 8 9 11 12 13 14 15 16 17 18 19 20 21 22 | 22.9
Armour         | 4 5 6 7 8 9 10 11 13 14 15 16 17 18 19 20 21 22 23 | 23.0
Shields        | 4 5 6 8 9 10 11 12 13 14 15 16 17 18 19 20 21 22 | 22.9
Fighting       | 4 5 6 8 9 10 11 12 13 14 16 17 18 19 20 21 22 23 24 | 24.2
Throwing       | 5 8 10 11 12 13 14 15 16 17 18 19 | 19.3
Evocations     | 2 5 6 7 8 9 10 11 12 13 14 15 | 15.8
Dodging        | 2 4 6 7 9 11 12 13 14 15 16 17 18 | 18.3
Stealth        | 1 5 6 |  6.4

Action                   |  1- 3 |  4- 6 |  7- 9 | 10-12 | 13-15 | 16-18 | 19-21 | 22-24 | 25-27 || total
-------------------------+-------+-------+-------+-------+-------+-------+-------+-------+-------++-------
Melee: Flail             |    94 |   126 |   309 |   396 |       |       |       |       |       ||   925
       Headbutt          |     8 |    18 |    63 |   141 |   297 |   423 |   484 |   365 |   412 ||  2211
       Morningstar       |       |       |       |   242 |  1374 |  1666 |   502 |       |       ||  3784
       Demon whip        |       |       |       |       |       |       |  1015 |  1420 |  1163 ||  3598
Throw: Dart              |    11 |    41 |    25 |    45 |     3 |       |       |       |       ||   125
       Boomerang         |       |       |       |     5 |    45 |   221 |    34 |   221 |    76 ||   602
       Javelin           |       |       |       |       |       |       |       |     7 |       ||     7
Invok: Curse Item        |     1 |     1 |     3 |     3 |     5 |     1 |     2 |     1 |       ||    17
       Shatter the Chain |     1 |       |       |     2 |     1 |     3 |     1 |       |       ||     8
Evoke: Wand              |       |       |       |     7 |     4 |       |     1 |     1 |     1 ||    14
  Use: Potion            |       |       |     2 |       |       |     8 |     7 |     1 |     5 ||    23
       Scroll            |       |       |       |     2 |     3 |     2 |    16 |     2 |     5 ||    30
 Stab: Paralysed         |       |       |       |     2 |       |       |       |       |       ||     2
       Invisible         |       |       |       |       |       |     1 |       |       |       ||     1
       Distracted        |       |       |       |       |       |       |       |       |     1 ||     1
Armor: Scale mail        |    43 |    72 |    93 |    94 |       |       |       |       |       ||   302
       Plate armour      |       |       |       |   131 |   110 |       |       |       |       ||   241
       Pearl dragon scal |       |       |       |       |   479 |  1247 |   542 |   369 |   373 ||  3010
Dodge: Dodged            |    26 |    46 |    97 |   145 |   568 |  1043 |   453 |   492 |   389 ||  3259
Block: Kite shield       |    51 |    67 |   218 |   496 |  1291 |  2194 |  1317 |  1398 |  1089 ||  8121
       Reflection        |       |       |       |       |       |       |    58 |   101 |    26 ||   185

Table legend: (Time is in decaauts)
 A = Elapsed time spent in this place.
 B = Non-inter-level travel time spent in this place.
 C = Inter-level travel time spent in this place.
 D = Time resting spent in this place.
 E = Time spent auto-exploring this place.
 F = Levels seen in this place.
 G = Mean time per level.
                   A        B        C        D        E       F      G
               +--------+--------+--------+--------+--------+-----+--------+
         Total |  79322 |  70128 |   9194 |   5929 |  49576 |  55 | 1442.2 |
       Dungeon |  23074 |  19528 |   3546 |    906 |  15022 |  15 | 1538.3 |
        Temple |    240 |    220 |     20 |      0 |    206 |   1 |  240.0 |
          Lair |   9379 |   7832 |   1547 |    649 |   5750 |   6 | 1563.2 |
        Shoals |   4986 |   4693 |    293 |    705 |   2860 |   4 | 1246.5 |
   Spider Nest |   4659 |   4473 |    186 |    100 |   2939 |   4 | 1164.8 |
  Orcish Mines |   2165 |   1626 |    539 |      0 |   1281 |   2 | 1082.5 |
   Elven Halls |   5492 |   4941 |    551 |    890 |   3059 |   3 | 1830.7 |
        Vaults |  11621 |  10788 |    833 |    621 |   7772 |   5 | 2324.2 |
        Depths |   7430 |   6148 |   1282 |    386 |   4580 |   5 | 1486.0 |
           Zot |   7585 |   7190 |    395 |   1207 |   4743 |   5 | 1517.0 |
         Trove |     60 |     60 |      0 |      0 |      3 |   1 |   60.0 |
      Ice Cave |    464 |    464 |      0 |      0 |    315 |   1 |  464.0 |
       Volcano |    326 |    326 |      0 |     80 |     97 |   1 |  326.0 |
    Desolation |   1417 |   1417 |      0 |    385 |    730 |   1 | 1417.0 |
      Gauntlet |    420 |    420 |      0 |      0 |    215 |   1 |  420.0 |
               +--------+--------+--------+--------+--------+-----+--------+

Top non-repeatable levels by time:
Vaults:4: 3780 daAuts
   Zot:3: 3017 daAuts
    D:15: 2899 daAuts
  Lair:4: 2627 daAuts
     D:9: 2478 daAuts
   Elf:2: 2387 daAuts
Depths:4: 2264 daAuts
Vaults:3: 2228 daAuts
Vaults:5: 2140 daAuts
     D:8: 2138 daAuts
Vaults:1: 1962 daAuts
    D:10: 1934 daAuts
    D:13: 1908 daAuts
  Lair:5: 1906 daAuts
   Zot:1: 1883 daAuts
